 Dungeon Crawl Stone Soup version 0.21.1-1-g345015f (webtiles) character file.

67 letownia2 the Conjurer (level 4, -1/24 HPs)
             Began as a Tengu Fire Elementalist on Mar 5, 2018.
             Slain by a quokka (3 damage)
             ... on level 3 of the Dungeon.
             The game lasted 00:02:41 (661 turns).

letownia2 the Conjurer (Tengu Fire Elementalist)     Turns: 661, Time: 00:02:42

Health: -1/24      AC:  2    Str:  8    XL:     4   Next: 18%
Magic:  1/8        EV: 13    Int: 16    God:
Gold:   29         SH:  0    Dex: 15    Spells: 3/7 levels left

rFire    x . .     SeeInvis .   d - +0 dagger
rCold    + . .     Gourm    +   (no shield)
rNeg     . . .     Faith    .   a - +0 robe
rPois    .         Spirit   .   (helmet restricted)
rElec    .         Reflect  .   (no cloak)
rCorr    .         Harm     .   (no gloves)
MR       .....                  (boots unavailable)
Stlth    ++........             e - amulet of the gourmand
HPRegen  0.08/turn              q - ring of ice
MPRegen  0.11/turn              (no ring)

@: no status effects
A: beak, talons 3
a: no special abilities


You were on level 3 of the Dungeon.
You were not hungry.

You visited 1 branch of the dungeon, and saw 3 of its levels.

You collected 29 gold pieces.

Inventory:

Hand Weapons
 d - a +0 dagger (weapon)
 i - a cursed -3 hunting sling
Armour
 a - a +0 robe (worn)
Jewellery
 e - an amulet of the gourmand (around neck)
 q - a ring of ice (left hand)
Scrolls
 f - 2 scrolls of identify {unknown}
 h - a scroll of remove curse {unknown}
 k - 3 scrolls of enchant weapon {unknown}
 l - 2 scrolls of amnesia {unknown}
 m - a scroll of random uselessness {unknown}
Potions
 g - a potion of cancellation {unknown}
 j - a potion of heal wounds {unknown}
 n - 2 potions of flight {unknown}
 o - a potion of lignification {unknown}
 p - 2 potions of curing {unknown}
Books
 b - a book of Flames

   Spells                             Type                      Level
   a - Flame Tongue                   Conjuration/Fire             1
   b - Throw Flame                    Conjuration/Fire             2
   c - Conjure Flame                  Conjuration/Fire             3
   d - Inner Flame                    Hexes/Fire                   3
   e - Sticky Flame                   Conjuration/Fire             4
   f - Fireball                       Conjuration/Fire             5
Comestibles
 c - 2 rations


   Skills:
 + Level 0.2 Fighting
 + Level 0.2 Armour
 + Level 2.3 Dodging
 - Level 2.0 Stealth
 - Level 2.0 Spellcasting
 - Level 5.0 Conjurations
 - Level 3.2 Fire Magic


You had 3 spell levels left.
You knew the following spells:

 Your Spells              Type           Power        Failure   Level  Hunger
a - Flame Tongue          Conj/Fire      ##...        3%          1    #......
c - Conjure Flame         Conj/Fire      ##......     11%         3    ###....


Dungeon Overview and Level Annotations

Branches:
Dungeon (3/15)

Altars:
Okawaru
Ru


Innate Abilities, Weirdness & Mutations

You have a beak for a mouth.
You have claws for feet.


Message History

The adder is almost dead.
The orc shouts!
The quokka barely misses you. The adder barely misses you.
The orc hits you but does no damage.
Unknown command.
Casting: Flame Tongue
Confirm with . or Enter, or press ? or * to list all spells.
Aiming: Flame Tongue
Press: ? - help, Shift-Dir - straight line, f/p - adder
Aim: an adder (almost dead)
The flame tongue hits the adder.
You kill the adder!
The quokka bites you.
* * * LOW HITPOINT WARNING * * *
The orc completely misses you.
Unknown command.
Unknown command.
A rat and a quokka come into view.
The quokka bites you.
You die...

####.# .# ...#.#### .#
...)....## #.# #
....<....#######.[#.###.
...#.##....).##..#......
.....####..........>.r..
.....## ###.#...#.......
......# #.#.or##......
...#..## #.....@.......
......≈##########.......
.....≈........≈≈ w.....#
..#...≈.≈.≈.≈._≈ ..o....
#...#≈........≈≈ .#.####
......≈######### ##.!
........ .r ........#
... .........


You could see a worm, 2 orcs, 2 quokkas and a rat.

Vanquished Creatures
  5 adders
  A dart slug (D:2)
  7 goblins
  A hobgoblin (D:1)
  3 kobolds
  A quokka (D:2)
  2 bats
20 creatures vanquished.

Notes
Turn   | Place    | Note
-------+----------+-------------------------------------------
     0 | D:1      | letownia2 the Tengu Fire Elementalist began the quest for the Orb.
     0 | D:1      | Reached XP level 1. HP: 10/10 MP: 4/4
     8 | D:1      | Reached skill level 2 in Conjurations
    23 | D:1      | Found an iron altar of Okawaru.
   155 | D:1      | Reached XP level 2. HP: 15/15 MP: 1/6
   235 | D:2      | Reached skill level 3 in Conjurations
   310 | D:3      | Reached skill level 4 in Conjurations
   310 | D:3      | Reached XP level 3. HP: 19/19 MP: 4/7
   327 | D:2      | Learned a level 3 spell: Conjure Flame
   585 | D:2      | Reached skill level 5 in Conjurations
   585 | D:2      | Reached XP level 4. HP: 10/24 MP: 5/8
   626 | D:3      | Found a sacrificial altar of Ru.
   661 | D:3      | Slain by a quokka

Skill      XL: |  1  2  3 |
---------------+----------+-----
Conjurations   | 2 4 5 |  5.0
Fighting       | |  0.2
Armour         | |  0.2
Dodging        | |  2.3
Stealth        | |  2.0
Spellcasting   | |  2.0
Fire Magic     | |  3.2

Action                   |  1- 3 |  4- 6 || total
-------------------------+-------+-------++-------
Melee: Unarmed           |     1 |       ||     1
       Dagger            |     2 |       ||     2
       Kick              |     1 |       ||     1
 Cast: Flame Tongue      |    29 |    11 ||    40
 Stab: Sleeping          |     1 |       ||     1
  Eat: Chunk             |     5 |       ||     5
Armor: Robe              |     5 |     1 ||     6
Dodge: Dodged            |     8 |     8 ||    16
